AoeStats
← rafaelarpad

Arena

507968096Analyzed
4v4 RM · 12d ago on Sep 20, 2026· 80m 7s· 8 players
Game mode
Random Map
Map size
Large (8 player)
Population
200
Speed
Normal
Resources
Standard
Victory
Conquest
Starting age
Dark Age
Ending age
Imperial Age
RankedLock teamsTeams togetherTeam positionsShared explorationLock speedFull tech treeHidden civsTurbo modeCheats
Victory
Defeat
🇦🇺 Malay · Australia
1140
+15
🇹🇷 Magyars · Türkiye
1139
+15
🇩🇪 Turks · Germany
1120
+16
🇸🇰 Huns · Slovakia
1100
+17
🇹🇼 Goths · Taiwan
1130
-16
🇹🇼 Bengalis · Taiwan
1118
-16
🇨🇳 Japanese · China
1113
-16
🇨🇭 Poles · Switzerland
1101
-15
小汽車
5:36 Loom
11:13 Feudal Age
17:03 Castle Age
15:26 Double-Bit Axe
15:56 Horse Collar
19:59 Bow Saw
20:21 Heavy Plow
30:35 Imperial Age
30:01 Scale Mail Armor
29:31 Pikeman
30:16 Squires
31:13 Forging
31:28 Anarchy
31:53 Conscription
35:19 Perfusion
35:19 Halberdier
36:18 Elite Huskarl
37:17 Chain Mail Armor
37:38 Iron Casting
38:36 Wheelbarrow
38:28 Gold Mining
40:13 Blast Furnace
41:34 Crop Rotation
42:07 Two-Man Saw
42:41 Hand Cart
42:20 Town Watch
45:27 Town Patrol
52:26 Stone Mining
73:37 Padded Archer Armor
73:28 Fletching
75:31 Elite Skirmisher
76:17 Bodkin Arrow
76:38 Leather Archer Armor
77:54 Bracer
78:25 Ring Archer Armor
80:41 Ballistics
81:22 Chemistry
飞鱼
10:55 Feudal Age
15:14 Castle Age
13:45 Double-Bit Axe
14:43 Horse Collar
29:28 Imperial Age
30:57 Crossbowman
31:31 Fletching
33:07 Conscription
32:57 Arbalester
34:29 Ballistics
35:09 Chemistry
34:57 Bodkin Arrow
35:03 Padded Archer Armor
37:48 Kataparuto
37:52 Pikeman
38:34 Scale Mail Armor
39:10 Thumb Ring
39:10 Bracer
39:49 Wheelbarrow
39:00 Loom
39:01 Town Watch
39:06 Elite Skirmisher
39:44 Arson
42:43 Halberdier
44:25 Fortified Wall
44:57 Chain Mail Armor
47:23 Squires
50:08 Leather Archer Armor
50:26 Plate Mail Armor
53:25 Ring Archer Armor
救不了你
11:27 Feudal Age
15:12 Castle Age
13:49 Double-Bit Axe
13:48 Horse Collar
14:17 Gold Mining
15:17 Stone Mining
16:14 Bow Saw
16:26 Heavy Plow
17:38 Loom
21:36 Wheelbarrow
25:52 Hand Cart
29:01 Imperial Age
27:04 Fletching
27:15 Padded Archer Armor
28:08 Bodkin Arrow
29:02 Gold Shaft Mining
29:03 Fortified Wall
28:35 Treadmill Crane
28:42 Treadmill Crane
28:53 Heated Shot
30:02 Leather Archer Armor
30:12 Ballistics
30:23 Pikeman
31:04 Squires
30:49 Arson
30:51 Gambesons
31:28 Elite Elephant Archer
32:20 Bracer
33:25 Chemistry
33:45 Scale Barding Armor
33:40 Scale Mail Armor
33:50 Forging
34:11 Ring Archer Armor
33:57 Halberdier
35:42 Chain Barding Armor
35:37 Chain Mail Armor
37:03 Two-Man Saw
37:16 Paiks
37:24 Elite Ratha (Ranged)
38:25 Conscription
39:02 Plate Barding Armor
43:18 Iron Casting
48:11 Siege Engineers
48:02 Murder Holes
47:55 Arrowslits
48:01 Guard Tower
49:57 Mahayana
53:22 Husbandry
53:32 Bloodlines
52:43 Light Cavalry
55:03 Blast Furnace
56:28 Caravan
rafaelarpad
12:43 Feudal Age
16:59 Castle Age
15:03 Double-Bit Axe
16:04 Loom
16:15 Horse Collar
21:54 Stone Mining
22:15 Scale Barding Armor
22:20 Forging
22:06 Light Cavalry
23:57 Stone Shaft Mining
24:19 Bow Saw
26:42 Chain Barding Armor
29:33 Bloodlines
30:06 Szlachta Privileges
30:40 Fletching
31:50 Wheelbarrow
32:52 Bodkin Arrow
35:47 Husbandry
36:49 Iron Casting
41:25 Imperial Age
43:12 Blast Furnace
41:43 Cavalier
72:19 Heavy Plow
Sir Swinag
10:21 Feudal Age
11:07 Horse Collar
13:01 Double-Bit Axe
17:59 Castle Age
17:17 Gold Mining
19:33 Loom
29:42 Bow Saw
29:41 Heavy Plow
30:34 Gold Shaft Mining
35:05 Padded Archer Armor
42:35 Imperial Age
40:46 Leather Archer Armor
42:56 Elite Janissary
44:27 Ring Archer Armor
47:18 Bloodlines
47:09 Husbandry
60:52 Forging
60:48 Scale Barding Armor
65:12 Chain Barding Armor
65:28 Iron Casting
65:54 Artillery
72:06 Blast Furnace
72:47 Plate Barding Armor
Bread
11:43 Feudal Age
11:21 Double-Bit Axe
15:23 Horse Collar
18:32 Castle Age
18:02 Wheelbarrow
17:57 Man-at-Arms
20:05 Loom
21:23 Gold Mining
21:46 Bow Saw
23:03 Heavy Plow
23:38 Forging
25:39 Squires
25:25 Arson
26:45 Iron Casting
27:23 Fletching
27:54 Hand Cart
32:15 Imperial Age
30:41 Town Watch
30:47 Town Watch
32:23 Long Swordsman
33:07 Forced Levy
32:31 Elite Karambit Warrior
33:18 Two-Handed Swordsman
34:00 Forced Levy
35:09 Conscription
35:35 Crop Rotation
37:31 Blast Furnace
37:05 Capped Ram
40:01 Bodkin Arrow
40:46 Bracer
40:59 Elite Skirmisher
41:57 Onager
43:52 Padded Archer Armor
50:53 Masonry
Cienfuegos
5:00 Loom
11:20 Feudal Age
15:05 Castle Age
13:32 Double-Bit Axe
16:27 Bow Saw
20:58 Wheelbarrow
21:47 Fletching
22:24 Stone Mining
24:05 Ballistics
24:36 Hand Cart
24:47 Scale Barding Armor
25:56 Corvinian Army
27:00 Gold Mining
28:22 Bloodlines
29:13 Husbandry
29:18 Horse Collar
32:52 Imperial Age
31:36 Padded Archer Armor
31:32 Bodkin Arrow
31:57 Chain Barding Armor
31:36 Bodkin Arrow
31:42 Padded Archer Armor
32:24 Thumb Ring
34:44 Gold Shaft Mining
34:31 Conscription
35:59 Parthian Tactics
36:29 Recurve Bow
36:49 Bracer
36:50 Heavy Cavalry Archer
38:29 Elite Magyar Huszar
40:27 Caravan
40:58 Coinage
48:48 Two-Man Saw
52:38 Elite Skirmisher
60:17 Crossbowman
61:45 Leather Archer Armor
62:06 Plate Barding Armor
61:34 Scale Mail Armor
62:09 Banking
62:42 Chemistry
61:38 Murder Holes
61:54 Masonry
61:49 Siege Engineers
61:57 Masonry
63:20 Caravan
63:39 Arbalester
63:49 Arbalester
69:49 Ring Archer Armor
69:35 Chain Mail Armor
msmatossms
10:59 Feudal Age
11:57 Horse Collar
12:53 Loom
16:16 Castle Age
14:28 Double-Bit Axe
16:26 Forging
16:17 Town Watch
17:35 Husbandry
20:54 Wheelbarrow
22:42 Bloodlines
26:55 Hand Cart
27:24 Bow Saw
29:40 Light Cavalry
33:51 Imperial Age
31:30 Gold Mining
32:05 Heavy Plow
32:41 Marauders
33:20 Iron Casting
32:50 Scale Barding Armor
35:50 Blast Furnace
35:15 Conscription
35:06 Elite Tarkan
36:51 Chain Barding Armor
38:24 Plate Barding Armor
44:29 Thumb Ring
45:23 Hussar
45:27 Heavy Cavalry Archer
46:32 Parthian Tactics
46:35 Fletching
46:45 Padded Archer Armor
46:46 Scale Mail Armor
47:48 Bodkin Arrow
47:55 Scale Mail Armor
49:01 Ballistics
49:42 Chemistry
50:38 Bracer
57:26 Leather Archer Armor
57:48 Town Patrol
59:18 Two-Man Saw
59:39 Squires
59:24 Arson
59:39 Murder Holes
63:30 Cavalier
70:39 Paladin
77:17 Masonry
76:46 Capped Ram
77:39 Siege Ram
Connection lost

Rejoining the realm…

Still unreachable

The connection could not be restored.

Session expired

The server has moved on; the page needs a fresh start.